Map: Cyber Forest LE

Players

WindigoBly (Bly) - Winner!

  • Race: Zerg Zerg
  • League: Grandmaster
  • Spawn Location: 11:00

Bomber

  • Race: Terran Terran
  • Spawn Location: 5:00

Event: 2019 Assembly Summer

VOD

Have the link to the VOD?

Description

Time

  • Played on: Aug. 1, 2019, 12:13 p.m.
  • Length: 6:20

All games in this series

Show
View Real Time Build Order
Export as new Build Order

WindigoBly Zerg - Winner!

Build Orders: Hatch First 

Get SALT Encoding   

  12  0:01  Drone  
  13  0:13  Overlord  
  13  0:20  Drone  
  14  0:31  Drone x2  
  16  0:48  Hatchery  
  15  0:51  Drone  
  15  0:55  Drone  
  17  0:59  Drone  
  18  1:10  Extractor  
  17  1:14  Spawning Pool  
  17  1:17  Drone  
  17  1:20  Drone  
  18  1:28  Drone  
  19  1:39  Drone  
  20  1:49  Overlord  
  20  2:01  Queen x2  
  20  2:02  Zergling x4  
  26  2:12  Drone x2  
  26  2:14  Metabolic Boost  
  28  2:23  Drone x2  
  30  2:33  Spore Crawler  
  30  2:34  Drone x2  
  31  2:43  Overlord  
  32  2:45  Queen  
  32  2:49  Overlord  
  34  2:55  Drone x2  
  35  3:11  Drone x2  
  37  3:13  Lair  
  37  3:14  Extractor  
  37  3:15  Drone x2  
  37  3:16  Drone x4  
  41  3:22  Queen  
  41  3:26  Extractor  
  42  3:29  Drone x2  
  42  3:31  Extractor  
  43  3:41  Drone x2  
  45  3:44  Overlord  
  45  3:46  Zergling x4  
  45  3:47  Zergling x4  
  45  3:48  Drone  
  50  3:55  Drone  
  51  4:04  Overlord  
  51  4:09  Overlord  
  51  4:12  Spire  
  50  4:19  Overlord  
  50  4:21  Drone, Overlord x2  
  51  4:26  Drone  
  51  4:27  Spine Crawler  
  51  4:28  Drone  
  52  4:35  Drone x2  
  52  4:36  Drone  
  55  4:39  Spine Crawler  
  54  4:48  Zergling x8  
  58  4:56  Zergling x8  
  46  5:23  Mutalisk x6  
  46  5:26  Mutalisk x2  
  62  5:31  Mutalisk  
  64  5:38  Mutalisk  
  64  5:40  Mutalisk  
  68  5:45  Hatchery  
  67  5:53  Drone  
  68  5:58  Overlord  
Show
View Real Time Build Order
Export as new Build Order

Bomber Terran 

Build Orders: Hellion Opening, Reaper Expand 

Get SALT Encoding   

  12  0:00  SCV  
  13  0:12  SCV  
  14  0:18  Supply Depot  
  14  0:25  SCV  
  15  0:40  Barracks, SCV  
  16  0:44  Refinery  
  16  0:52  SCV  
  17  1:04  SCV  
  18  1:16  SCV  
  19  1:28  Reaper, Orbital Command  
  20  1:39  Command Center  
  20  1:47  Supply Depot  
  20  1:54  SCV  
  21  2:00  Marine  
  22  2:06  SCV  
  22  2:07  Factory  
  23  2:12  Refinery  
  23  2:18  SCV  
  23  2:22  Barracks Reactor  
  24  2:30  SCV  
  25  2:42  SCV  
  26  2:52  Orbital Command  
  26  2:54  SCV  
  26  2:56  Starport  
  29  3:09  SCV  
  28  3:14  Hellion x2  
  28  3:19  SCV  
  33  3:20  Barracks Tech Lab  
  33  3:21  SCV  
  33  3:27  Supply Depot  
  34  3:32  SCV  
  34  3:33  Viking, SCV  
  38  3:35  Hellion x2  
  42  3:41  Marauder  
  42  3:44  SCV  
  42  3:45  SCV  
  46  3:50  Supply Depot  
  46  3:56  Hellion  
  46  3:57  Hellion  
  46  4:02  Armory  
  50  4:05  Medivac  
  50  4:06  Concussive Shells  
  50  4:07  Marauder  
  54  4:13  Supply Depot  
  54  4:15  SCV x2  
  56  4:21  Hellion x2  
  60  4:27  SCV  
  60  4:28  SCV  
  62  4:39  Supply Depot, SCV  
  62  4:40  SCV  
  64  4:46  Command Center  
  64  4:51  Marine  
  64  4:52  SCV  
  66  4:54  Factory Tech Lab, SCV  
  66  4:57  Supply Depot, Starport Reactor  
  67  5:04  SCV  
  67  5:06  SCV  
  69  5:09  Marine  
  69  5:12  Refinery  
  69  5:13  Refinery  
  66  5:16  Engineering Bay x2, SCV  
  66  5:18  SCV  
  60  5:26  Marine  
  60  5:28  SCV  
  62  5:30  SCV  
  62  5:32  Barracks  
  62  5:33  Barracks  
  63  5:37  Siege Tank  
  63  5:40  SCV  
  63  5:42  SCV  
  68  5:46  Hellion x4  
  68  5:47  Barracks  
  68  5:52  Barracks, SCV  
  68  5:55  SCV  
  70  5:58  Starport Reactor  
  70  6:01  Marine  
  71  6:04  SCV  
  72  6:14  Missile Turret  
Tags
 
Add a new tag
Caveats
  • Supply blocks, unpowered buildings, or Contaminate may cause inaccurate times.
  • Supply counts are checked every 10 seconds.